AoeStats
← Katnip

Nomad

506237408Analyzed
4v4 RM · 19d ago on Sep 12, 2026· 29m 35s· 8 players
Game mode
Random Map
Map size
231×231
Population
200
Speed
Normal
Resources
Standard
Victory
Conquest
Starting age
Dark Age
Ending age
Imperial Age
RankedLock teamsTeams togetherTeam positionsShared explorationLock speedFull tech treeHidden civsTurbo modeCheats
Victory
Defeat
🇺🇸 Vietnamese · United States
1631
+10
🇦🇷 Mapuche · Argentina
1607
+11
🇬🇧 Chinese · United Kingdom
1399
+19
🇱🇧 Jurchens · Lebanon
1393
+20
🇹🇼 Dravidians · Taiwan
1534
-17
🇹🇼 Wu · Taiwan
1477
-15
🇳🇴 Bengalis · Norway
1462
-14
🇮🇳 Bulgarians · India
1454
-14
虞小梅
4:13 Loom
14:07 Feudal Age
18:26 Castle Age
17:00 Fishing Lines
19:03 Double-Bit Axe
21:38 Pikeman
23:24 Fletching
26:18 Scale Mail Armor
Nordigard
4:45 Loom
14:42 Feudal Age
18:35 Castle Age
16:57 Double-Bit Axe
16:54 Horse Collar
18:03 Gold Mining
20:18 Medium Warships
20:57 Bow Saw
22:48 Heavy Plow
25:53 Wheelbarrow
26:00 Fletching
27:17 Bodkin Arrow
29:03 Scale Barding Armor
FreakinGorkha
4:43 Loom
13:05 Feudal Age
14:22 Fletching
14:57 Town Watch
20:41 Castle Age
19:46 Double-Bit Axe
22:00 Bow Saw
22:42 Scale Barding Armor
27:54 Chain Barding Armor
yenyang
5:22 Loom
12:47 Feudal Age
14:54 Double-Bit Axe
17:38 Fletching
20:30 Gold Mining
24:09 Castle Age
22:44 Horse Collar
25:24 Medium Warships
25:31 Bow Saw
25:28 Bodkin Arrow
26:00 Heavy Plow
27:10 Ballistics
Mike'dugai
3:09 Loom
14:10 Feudal Age
18:57 Castle Age
20:16 Fletching
21:27 Double-Bit Axe
22:29 Bodkin Arrow
23:46 Bow Saw
26:36 Ballistics
Katnip
6:02 Loom
13:00 Feudal Age
17:20 Castle Age
15:49 Double-Bit Axe
16:02 Horse Collar
19:00 Bow Saw
24:22 Wheelbarrow
23:39 Town Watch
27:16 Bloodlines
29:34 Heavy Plow
Chipmunk
4:46 Loom
14:39 Feudal Age
18:10 Castle Age
16:31 Double-Bit Axe
16:28 Fishing Lines
16:57 Stone Mining
18:17 Fletching
18:27 Padded Archer Armor
19:10 Bodkin Arrow
19:11 Gillnets
20:02 Bow Saw
22:01 Medium Warships
22:31 Town Watch
24:50 Wheelbarrow
JadeArrowGamer
14:02 Feudal Age
14:31 Double-Bit Axe
17:45 Loom
17:46 Town Watch
22:28 Castle Age
20:21 Gold Mining
20:41 Fishing Lines
23:22 Medium Warships
23:21 Fletching
23:52 Bow Saw
24:25 Wheelbarrow
24:45 Bodkin Arrow
27:22 Gillnets
28:14 Ballistics
28:55 Padded Archer Armor
29:08 Thumb Ring
30:14 Leather Archer Armor
Connection lost

Rejoining the realm…

Still unreachable

The connection could not be restored.

Session expired

The server has moved on; the page needs a fresh start.